Cogmind - Beta 13 @@@ ROGUE MODE // 2024.04.22 @ 04:18:08 Player: Aeon PSR Result: Self-destructed Performance ------------- Evolutions (1) 500 Regions Visited (3) 600 Robots Destroyed (25) 125 Value Destroyed (751) 751 Prototype IDs (0) 0 Alien Tech Used (0) 0 Bonus (0) 0 TOTAL SCORE: 1976 Bonus ------- None Cogmind --------- Core Integrity 193/400 Matter 248/300 Energy 100/100 System Corruption 2% Temperature Cool (0) Movement Rolling (200) Ox8 Location -9/Materials Parts ------- > --- POWER (1) -------- (None) > --- PROPULSION (2) --- Wheel > --- UTILITY (4) ------ Huge Storage Unit Improved Propulsion Shielding > --- WEAPON (2) ------- Mace > --- INVENTORY (25) --- Light Treads Light Treads Aluminum Leg Small Storage Unit Visual Processing Unit Terrain Scanner Terrain Scanner Terrain Scanner Targeting Computer Mining Laser Mace Peak State ------------ > --- POWER ------------ Light Ion Engine > --- PROPULSION ------- Wheel Wheel > --- UTILITY ---------- Huge Storage Unit Signal Interpreter Targeting Computer Improved Propulsion Shielding > --- WEAPON ----------- Assault Rifle Mace > --- INVENTORY -------- Light Treads Light Treads Aluminum Leg Small Storage Unit Visual Processing Unit Terrain Scanner Terrain Scanner Terrain Scanner Targeting Computer Mining Laser Mace [Rating: 13] Favorites ----------- Power Ion Engine Engine Ion Engine Propulsion Wheel Treads Light Treads Leg Aluminum Leg Wheel Wheel Utility Huge Storage Unit Device Sensor Array Storage Huge Storage Unit Processor Signal Interpreter Protection Light Armor Plating Weapon Assault Rifle Ballistic Gun Assault Rifle Launcher Grenade Launcher Impact Weapon Mace Build | -11 -10 -10 -9 ------- Run | Yrd Mat Min Mat Slots Evolved 2 | . . . 2 Power . | . . . . Propulsion . | . . . . Utility 2 | . . . 2 Weapon . | . . . . Parts Attached 28 | 6 4 . 18 Power 3 | 1 . . 2 Engine 3 | 1 . . 2 Core . | . . . . Reactor . | . . . . Propulsion 10 | 2 1 . 7 Treads 3 | . . . 3 Leg 1 | . . . 1 Wheel 6 | 2 1 . 3 Hover . | . . . . Flight . | . . . . Utility 7 | 1 2 . 4 Device 1 | . . . 1 Storage 2 | 1 1 . . Processor 2 | . 1 . 1 Hackware . | . . . . Protection 2 | . . . 2 Artifact . | . . . . Weapon 8 | 2 1 . 5 Energy Gun . | . . . . Energy Cannon . | . . . . Ballistic Gun 5 | 2 . . 3 Ballistic Cannon . | . . . . Launcher 2 | . 1 . 1 Special Weapon . | . . . . Impact Weapon 1 | . . . 1 Slashing Weapon . | . . . . Piercing Weapon . | . . . . Special Melee Weapon . | . . . . Unidentified Prototypes . | . . . . Parts Lost 14 | . 1 . 13 Power 2 | . . . 2 Propulsion 4 | . 1 . 3 Utility 4 | . . . 4 Weapon 4 | . . . 4 Highest Loss Streak 6 | . 1 . 6 To Critical Strikes . | . . . . Average Slot Usage (%) 93 | . 89 100 95 Engine 11 | . 14 14 10 Treads 9 | . . . 14 Wheel 12 | . 26 28 6 Device 1 | . . . 2 Storage 11 | . 14 14 11 Processor 15 | . 5 14 20 Protection 5 | . . . 7 Ballistic Gun 15 | . 14 14 16 Launcher 7 | . 13 14 3 Naked Turns . | . . . . Heaviest Build 93 | 14 90 90 93 Greatest Support 40 | 26 26 20 40 Greatest Overweight (x) 9 | . 8 4 9 Average Overweight (x) 3 | . 3 4 4 Largest Inventory Capacity 25 | 8 25 25 25 Average Capacity 23 | 7 23 25 25 Most Carried 17 | 5 17 12 13 Average Carried 10 | 2 11 12 10 Final Capacity 25 | 8 25 25 25 Final Carried 12 | 3 12 12 11 Class Distribution -------------------- 98% | Mutant Dominant Class ---------------- Mutant | -10/Materials Mutant | -10/Mines Mutant | -9/Materials Resources | -11 -10 -10 -9 ----------- Run | Yrd Mat Min Mat Matter Collected 774 | 189 68 . 517 Remotely . | . . . . Salvage Created 821 | . 68 . 753 Parts 55 | . 5 . 50 Haulers Intercepted . | . . . . Recyclers Shooed 2 | . . . 2 Parts Field Recycled . | . . . . Retrieved Matter . | . . . . Parts Self-Destructed . | . . . . Prevented . | . . . . Kills | -11 -10 -10 -9 ------- Run | Yrd Mat Min Mat Combat Hostiles Destroyed 17 | . 1 . 16 Guns 11 | . 1 . 10 AOE 6 | . . . 6 Classes Destroyed 8 | . 2 . 6 Worker 1 | . . . 1 Builder 1 | . . . 1 Recycler 2 | . . . 2 Mechanic 1 | . . . 1 Watcher 3 | . 1 . 2 Grunt 11 | . 1 . 10 Duelist 1 | . . . 1 Sentry 5 | . . . 5 Best Kill Streak 7 | . 1 . 7 Combat Bots Only 4 | . 1 . 4 Max Kills in Single Turn 2 | . 1 . 2 Gunslinging . | . . . . Exploded 2 | . . . 2 Melee . | . . . . Uniques/NPCs Destroyed . | . . . . Combat | -11 -10 -10 -9 -------- Run | Yrd Mat Min Mat Hostile Shots Fired 120 | . 8 6 106 Missed 33 | . 2 2 29 Damage Taken 1426 | . 65 50 1311 Core 252 | . 20 25 207 Absorbed by Shields . | . . . . Redirected to Shielding 46 | . . . 46 Core Remaining (%) 91 | 100 . 82 . Volleys Fired 84 | . 11 . 73 Largest 2 | . 1 . 2 Hottest 43 | . 20 . 43 Shots Fired 113 | . 11 . 102 Gun 102 | . 11 . 91 Cannon . | . . . . Launcher 11 | . . . 11 Special . | . . . . Kinetic 102 | . 11 . 91 Thermal . | . . . . Explosive 11 | . . . 11 Electromagnetic . | . . . . Robot Hit Streak 16 | . 10 . 16 Robot Miss Streak 2 | . 1 . 2 Penetration Max . | . . . . Secondary Targets 1 | . . . 1 Max Gunslinging Chain 1 | . . . 1 Shots Hit Robots 92 | . 10 . 82 Core Hits 51 | . 3 . 48 Critical Kills . | . . . . Critical Parts Destroyed 3 | . . . 3 Critical Strikes 3 | . . . 3 Destroy 3 | . . . 3 Melee Attacks . | . . . . Impact . | . . . . Slashing . | . . . . Piercing . | . . . . Sneak Attacks . | . . . . Combat Hostiles . | . . . . Follow-up Attacks . | . . . . Damage Inflicted 1839 | . 117 . 1722 Guns 1155 | . 117 . 1038 Cannons . | . . . . Explosions 678 | . . . 678 Melee . | . . . . Ramming 6 | . . . 6 Kinetic 1155 | . 117 . 1038 Thermal . | . . . . Explosive 678 | . . . 678 Electromagnetic . | . . . . Impact . | . . . . Slashing . | . . . . Piercing . | . . . . Highest Corruption 2 | . . . 2 Average Corruption 1 | . . . 1 Corruption Purged . | . . . . Corruption Blocked . | . . . . Overload Shots . | . . . . Overflow Damage 11 | . . . 11 Projectiles . | . . . . Explosions 11 | . . . 11 Melee . | . . . . Knockbacks . | . . . . Impact . | . . . . Kinetic . | . . . . Secondary . | . . . . Self-Inflicted Damage 142 | . . . 142 Shots 9 | . . . 9 Rammed 1 | . . . 1 Targets Rammed 1 | . . . 1 Kicked . | . . . . Crushed . | . . . . Highest Temperature 18 | . . . 18 Average Temperature 5 | . . . 5 Received Heat Transfer 522 | . 36 30 456 Siege Activations . | . . . . Robots Corrupted . | . . . . Combat Hostiles . | . . . . Parts Fried . | . . . . Impact Corruptions . | . . . . Robots Melted . | . . . . Combat Hostiles . | . . . . Parts Melted . | . . . . Heat Transferred . | . . . . Parts Sabotaged . | . . . . Parts Stolen . | . . . . Parts Stripped . | . . . . Power Chain Reactions . | . . . . Alert | -11 -10 -10 -9 ------- Run | Yrd Mat Min Mat Peak Influence 330 | . 52 . 330 Initial . | . . . . Average 109 | . 13 . 165 Maximum Alert Level 1 | . . . 1 Low Security (%) 82 | 100 100 100 73 Level 1 17 | . . . 26 Level 2 . | . . . . Level 3 . | . . . . Level 4 . | . . . . Level 5 . | . . . . High Security . | . . . . Max Security . | . . . . Squads Dispatched 2 | . 1 . 1 Investigation 1 | . 1 . . Extermination . | . . . . Reinforcement 1 | . . . 1 Assault . | . . . . Garrison . | . . . . Intercept . | . . . . Searches Triggered . | . . . . Construction Impeded 1 | . . . 1 Haulers Reinforced . | . . . . Active Scanning Responses . | . . . . Cargo Convoy Interrupts . | . . . . Stealth | -11 -10 -10 -9 --------- Run | Yrd Mat Min Mat Distress Signals 4 | . . . 4 Communications Jammed . | . . . . Distress Signals . | . . . . Times Spotted 32 | . 2 2 28 Peak Tracking Total 6 | . 2 2 6 Tactical Retreats 3 | . . . 3 Traps | -11 -10 -10 -9 ------- Run | Yrd Mat Min Mat Traps Triggered . | . . . . Indirectly . | . . . . Trap Hack Attempts . | . . . . Triggered . | . . . . Disarmed . | . . . . Reprogrammed . | . . . . Reused . | . . . . Traps Extracted . | . . . . Installed . | . . . . Triggered . | . . . . Machines | -11 -10 -10 -9 ---------- Run | Yrd Mat Min Mat Machines Disabled . | . . . . Max in Single Turn . | . . . . Machines Repaired . | . . . . Machines Dismantled . | . . . . Machines Sabotaged . | . . . . Overloaded Fab Kills . | . . . . Hacking | -11 -10 -10 -9 --------- Run | Yrd Mat Min Mat Machines Accessed 5 | . 2 . 3 Terminals 2 | . 1 . 1 Fabricators . | . . . . Repair Stations 1 | . . . 1 Recycling Units 2 | . 1 . 1 Scanalyzers . | . . . . Garrison Access . | . . . . Total Hacks 9 | . 5 . 4 Successful 7 | . 4 . 3 Failed 2 | . 1 . 1 Catastrophic . | . . . . Database Lockouts . | . . . . Manual . | . . . . Terminals 3 | . 2 . 1 Fabricators . | . . . . Repair Stations 2 | . . . 2 Recycling Units 4 | . 3 . 1 Scanalyzers . | . . . . Garrison Access . | . . . . Terminal Hacks 2 | . 1 . 1 Alert Level 1 | . . . 1 Maintenance Status 1 | . 1 . . Fabricator Hacks . | . . . . Repair Station Hacks 1 | . . . 1 Scan Component 1 | . . . 1 Recycling Unit Hacks 4 | . 3 . 1 Recycle Component 2 | . 2 . . Report Inventory 2 | . 1 . 1 Scanalyzer . | . . . . Garrison Access Hacks . | . . . . Unauthorized Hacks . | . . . . Terminals . | . . . . Fabricators . | . . . . Repair Stations . | . . . . Recycling Units . | . . . . Scanalyzers . | . . . . Garrison Access . | . . . . Data Cores Recovered . | . . . . Used . | . . . . Hacking Detections 3 | . 2 . 1 Full Trace Events 1 | . 1 . . Feedback Events . | . . . . Feedback Blocked . | . . . . Robot Schematics Acquired . | . . . . Robots Built . | . . . . Authchips . | . . . . Time . | . . . . Total Robot Build Rating . | . . . . Part Schematics Acquired . | . . . . Parts Built . | . . . . Authchips . | . . . . Time . | . . . . Total Part Build Rating . | . . . . Parts Repaired . | . . . . Time . | . . . . Parts Recycled 2 | . 2 . . Recycled Matter . | . . . . Retrieved Matter . | . . . . Retrieved Components . | . . . . Parts Scanalyzed . | . . . . Part Schematics Acquired . | . . . . Parts Damaged . | . . . . Bothacking | -11 -10 -10 -9 ------------ Run | Yrd Mat Min Mat Used RIF Installer . | . . . . Robots Hacked . | . . . . Non-combat . | . . . . Combat . | . . . . Robot Hacks Applied . | . . . . Relay Couplers Released . | . . . . Fabnet Peak Effective % . | . . . . Robots Rewired . | . . . . Allies Hacked . | . . . . Hacks Repelled . | . . . . Allies | -11 -10 -10 -9 -------- Run | Yrd Mat Min Mat Total Allies . | . . . . Largest Group . | . . . . Highest-Rated Group . | . . . . Highest-Rated Ally . | . . . . Total Orders . | . . . . Ally Attacks . | . . . . Total Damage . | . . . . Kills . | . . . . Allies Corrupted . | . . . . Allies Melted . | . . . . Intel | -11 -10 -10 -9 ------- Run | Yrd Mat Min Mat Robot Analysis Total . | . . . . Derelict Logs Recovered . | . . . . Drone Launches . | . . . . Drone Recoveries . | . . . . Exploration | -11 -10 -10 -9 ------------- Run | Yrd Mat Min Mat Turns Passed 1800 | 125 508 13 1154 Spaces Moved 763 | 58 334 10 361 Core 16 | 16 . . . Treads 181 | . . . 181 Legs . | . . . . Wheels 566 | 42 334 10 180 Hover . | . . . . Flight . | . . . . Fastest Speed 50 | 50 90 140 140 Average Speed 182 | 78 133 140 246 Slowest Speed 320 | 90 200 140 320 Overloaded Moves . | . . . . Propulsion Burnouts . | . . . . Robots Hopped . | . . . . Cave-ins Triggered . | . . . . Exploration Rate (%) 18 | 4 30 7 32 Regions Visited 3 Branch Regions 1 Pre-discovered Areas . | . . . . Known Exits Taken 2 | . 1 1 . Unknown Exits Taken 1 | 1 . . . Scrap Searched . | . . . . Spaces Dug . | . . . . Terrain Destroyed 40 | . . . 40 Melee . | . . . . Projectile . | . . . . AOE 40 | . . . 40 Terrain Rammed . | . . . . Walls Destroyed . | . . . . Machines Disabled . | . . . . Actions | -11 -10 -10 -9 --------- Run | Yrd Mat Min Mat Total 1054 | 137 387 9 521 Wait 128 | 65 10 . 53 Move 760 | 57 333 9 361 Hop . | . . . . Pick Up 41 | 9 21 . 11 Fast Attach . | . . . . Attach 21 | 6 2 . 13 Detach 2 | . . . 2 Swap 7 | . 2 . 5 Drop 10 | . 8 . 2 Fire 84 | . 11 . 73 Melee . | . . . . Ram . | . . . . Kick . | . . . . Crush 1 | . . . 1 Escape Stasis . | . . . . Rewire . | . . . . Trap . | . . . . Miscellaneous . | . . . . Route ------- -11/Scrapyard -10/Materials -10/Mines -9/Materials History --------- Turn | Location | Event 8 | -11/Scrapyard | Discovered new exit (range 16) 126 | -11/Scrapyard | Entered Materials 301 | -10/Materials | Build established: Mutant 409 | -10/Materials | Discovered new exit (range 12) 535 | -10/Materials | Identified exit to Mines 634 | -10/Materials | Entered Mines 634 | -10/Mines | Discovered new exit (range 10) 646 | -10/Mines | Identified exit to Materials 647 | -10/Mines | Entered Materials 647 | -9/Materials | Evolved 2 slots: Utility x2 1749 | -9/Materials | Core integrity fell below 50% 1801 | -9/Materials | Self-destructed Last Messages --------------- U-05 Engineer lays Concrete. K-01 Serf collects debris. U-05 Engineer lays Concrete. K-01 Serf collects debris. U-05 Engineer builds a Wall. K-01 Serf collects debris. Wheel destroyed. K-01 Serf collects debris. B-36 Bruiser suffers critical hit (Destroy). Destroyed Rnf. Ion Engine. U-05 Engineer lays Concrete. K-01 Serf collects debris. U-05 Engineer builds a Wall. U-05 Engineer lays Concrete. K-01 Serf collects debris. U-05 Engineer lays Concrete. Assault Rifle destroyed. U-05 Engineer lays Concrete. K-01 Serf collects debris. U-05 Engineer lays Concrete. Map ----- +----------------------------------------------------+ | #????# ! "" # # #???????????????????? | | #????# # + "T" ! #???????????????????? | | #?????####+#### # #???????????????????? | | ###########%% ## #### ####???????????????????? | | + ### #??###??????????????????????? | | # """ + T #???????????????????????????? | | # """ ### #???????????????????????????? | | + """= ### %!## ####????????????????????????? | | # #?### #### #????????????????????????? | | # #?# # # ##! !#????????????????????????? | | ########?# #%# ###!!!!##????????????????????????? | | #????????# # ###?######?????????????????????????? | | #????????### #????????#####?????????????????????? | | #??????????# ####### #?????????????????????? | | #??????????# / """ #???##### ???????????? | | #???????####+## #### """ #### ???????????? | | #???????# # #????""" + ???????????? | | #???????# # #????? u ???????????? | | #???????# # #????? # % ##?????????????? | | #???????# # ####### ## ##?????????????? | | ######### # u u ##?????????????? | | # # + +?????????????? | | # """"" # # = ##?????????????? | | # """"" # ###+#####g!!!k ### #??????????????? | | # """"" # # ##!bk! ##?????????????????? | | # # # """ ##!@!!==#??????????????????? | | + """"" # #%""" ##!!!!==#??????????????????? | | # """"" # # """ #########??????????????????? | | # """"" ####### #??????????????????????????? | | # #?????# """ #??????????????????????????? | | #[ #?????# """ #??????????????????????????? | | # #?????# """ #??????????????????????????? | | ##########?????# #??????????????????????????? | | ???????????????# #??????????????????????????? | | ???????????????# " " #??????????????????????????? | | ???????????????# "R" #??????????????????????????? | | ???????????????# """ #??????????????????????????? | | ???????????????########??????????????????????????? | | ?????????????????????????????????????????????????? | | ?????????????????????????????????????????????????? | | ?????????????????????????????????????????????????? | | ?????????????????????????????????????????????????? | | ?????????????????????????????????????????????????? | | ?????????????????????????????????????????????????? | | ?????????????????????????????????????????????????? | | | | | | | | | | | +----------------------------------------------------+ Best States ------------- Heat Dissipation 28 Energy Generation 10 Energy Capacity 250 Matter Stores 300 Matter Capacity 300 Sight Range 16 Robot Scan Range 14 Terrain Scan Density 10 Armor Coverage 150 Propulsion Shielding 66 Evasion (%) 50 Targeting Accuracy 5 Recoil Reduction 2 Item Schematics ----------------- None Robot Schematics ------------------ None Fabricated ------------ Nothing Alien Tech Used ----------------- None Achievements -------------- None Challenges ------------ None Game ------ Seed ForceHybridAirjet Manual? 0 Play Time 00:16:40 Cumulative 13.1 hours Start 2024.04.19 @ 20:30:52 End 2024.04.22 @ 04:18:08 Sessions 3 Manual Loads 0 Difficulty Rogue Special Mode None Game No. 17 Rogue 17 Adventurer 0 Explorer 0 Win Type - Total 0 Types 0/0/0/0/0/0/0/0/0 Lore% 19 Gallery% 18 Achievement% 16 Wizard Run 0 Options --------- Layout 1 ASCII 0 Keyboard 0 Movement Mouse Keybinds 0 Fullscreen 2 Font 24/Crisp Map View 50x35 Zoom Use 0% Tactical HUD 0 Map Filters NONE Filters NONE Steam 1 RUN: 17e15f2a-0772-4d4d-9894-285fed1b29da